 Dungeon Crawl Stone Soup version 0.20-a0-1116-gaa52201 (webtiles) character file.

1852 MydosGodOfBeginnings the Reanimator (level 8, -14/66 HPs)
             Began as a Deep Dwarf Necromancer on May 7, 2017.
             Was a Believer of Sif Muna.
             Demolished by an orc warrior
             ... wielding a +0 dire flail
              (25 damage)
             ... on level 7 of the Dungeon.
             The game lasted 00:36:23 (7908 turns).

MydosGodOfBeginnings the Reanimator (DDNe)          Turns: 7908, Time: 00:36:23

Health: -14/66     AC:  6    Str: 12    XL:     8   Next: 88%
Magic:  8/14       EV: 14    Int: 18    God:    Sif Muna [**....]
Gold:   377        SH:  0    Dex: 13    Spells: 5/17 levels left

rFire    . . .     SeeInvis .   A - +2 quarterstaff (chaos)
rCold    . . .     Gourm    .   (shield currently unavailable)
rNeg     + . .     Faith    .   a - +0 robe
rPois    .         Spirit   .   (no helmet)
rElec    +         Reflect  .   G - +0 cloak
rCorr    .         Harm     .   M - +0 pair of gloves of Cauzuom {rElec} (curse)
MR       +....                  s - +1 pair of boots
Stlth    ++........             p - amulet of rage
Regen    0.0/turn               l - ring of positive energy
MPRegen  0.2/turn               (no ring)

@: non-regenerating
A: damage resistance, heal wounds, sense surroundings 1, no regeneration
a: Heal Wounds, Divine Energy, Renounce Religion, Evoke Berserk Rage


You were on level 7 of the Dungeon.
You worshipped Sif Muna.
Sif Muna was pleased with you.
You were not hungry.

You visited 1 branch of the dungeon, and saw 8 of its levels.
You also visited: Ossuary.

You collected 377 gold pieces.

Inventory:

Hand Weapons
 v - a +0 whip of electrocution
 A - a +2 quarterstaff of chaos (weapon)
Armour
 a - a +0 robe (worn)
 s - a +1 pair of boots (worn)
 x - a +2 pair of gloves of archery
 E - a +0 buckler
 G - a +0 cloak (worn)
 M - the cursed +0 pair of gloves of Cauzuom (worn) {rElec}
   (You found it on level 7 of the Dungeon)

   It insulates you from electricity.
   It has a curse placed upon it.
Jewellery
 l - a ring of positive energy (left hand)
 p - an amulet of rage (around neck)
 C - an uncursed ring of magical power {unknown}
 N - a +3 ring of protection {unknown}
Wands
 j - a wand of polymorph (9/24)
 m - a wand of flame (32/48)
 y - a wand of lightning (6/15)
Scrolls
 e - 3 scrolls of fog
 h - 6 scrolls of remove curse
 r - 4 scrolls of teleportation
 w - a scroll of immolation {unknown}
 D - a scroll of magic mapping
 J - 2 scrolls of identify
 K - a scroll of enchant weapon {unknown}
 L - a scroll of acquirement {unknown}
Potions
 d - 3 potions of haste
 g - 2 potions of ambrosia {unknown}
 k - 2 potions of magic
 n - 2 potions of flight {unknown}
 o - 2 potions of cancellation
 q - 6 potions of degeneration
 t - 4 potions of lignification {unknown}
 u - a potion of mutation {unknown}
 z - 2 potions of agility {unknown}
 B - 6 potions of curing
 F - 2 potions of might {unknown}
 H - 2 potions of brilliance {unknown}
 O - a potion of berserk rage {unknown}
Books
 b - a book of Necromancy

   Spells                             Type                      Level
   a - Pain                           Necromancy                   1
   b - Animate Skeleton               Necromancy                   1
   c - Vampiric Draining              Necromancy                   3
   d - Regeneration                   Charms/Necromancy            3
   e - Animate Dead                   Necromancy                   4
   f - Control Undead                 Necromancy                   4
Comestibles
 c - 6 bread rations
 f - 2 meat rations
 i - 2 royal jellies
 I - 3 fruits
 P - 2 chunks of flesh


   Skills:
 + Level 1.6 Fighting
 + Level 2.1 Staves
 + Level 4.1 Dodging
 - Level 2.4 Stealth
 + Level 0.3 Unarmed Combat
 + Level 5.1 Spellcasting
 * Level 10.2 Necromancy
 - Level 1.8 Evocations


You had 5 spell levels left.
You knew the following spells:

 Your Spells              Type           Power        Failure   Level  Hunger
a - Pain                  Necr           ####         1%          1    None
b - Vampiric Draining     Necr           #####.....   1%          3    ##.....
c - Animate Dead          Necr           N/A          1%          4    ####...
d - Control Undead        Necr           #####.....   1%          4    ####...


Dungeon Overview and Level Annotations

Branches:
Dungeon (8/15)             Temple (0/1) D:6
   Lair: D:8-11

Altars:
Elyvilon
Fedhas
Gozag
Sif Muna
Trog
Wu Jian

Shops:
D:4 =*


Innate Abilities, Weirdness & Mutations

You are resistant to damage.
You can heal yourself by infusing magical energy.
You passively map a small area around you.
You do not regenerate.


Message History

There is an open door here.
Some of the chunks of flesh in your inventory have rotted away.
Casting: Pain
Confirm with . or Enter, or press ? or * to list all spells.
Aiming: Vampiric Draining
Press: ? - help, Shift-Dir - straight line, f - orc warrior
Aim: an orc warrior, wielding a dire flail and wearing a plate armour The orc warrior is moderately wounded.
You feel life coursing into your body.
The orc warrior hits you with a dire flail!
* * * LOW HITPOINT WARNING * * *
Casting: Vampiric Draining
Confirm with . or Enter, or press ? or * to list all spells.
Aiming: Vampiric Draining
Press: ? - help, Shift-Dir - straight line, f/p - orc warrior
Aim: an orc warrior, wielding a dire flail and wearing a plate armour (moderately wounded)
The orc warrior is heavily wounded.
You feel life coursing into your body.
The orc warrior hits you with a dire flail!!
You die...

#..........#
#..........#
#..........#
#..........#
#..........#
#..........#
#..........#######
##.######........#
#@# #........# #o#
####........# #.#
#...........# #.#
#....######## #.#
#....# #.# #....#
#.# #....#
#.###....#########
#...'.o...........


You could see an orc warrior.

Vanquished Creatures
  A porcupine (D:8)
  An orc warrior (D:7)
  2 sky beasts
  A black bear (D:6)
  An ice beast (D:6)
  2 phantoms (D:5)
  A centaur (D:5)
  3 bullfrogs (D:6)
  A wyvern skeleton (D:7)
  A killer bee (shapeshifter) (D:7)
  A howler monkey (D:3)
  2 crimson imps
  A centaur zombie (Ossuary)
  A human zombie (Ossuary)
  A bullfrog skeleton (D:5)
  An orc priest (D:7)
  Crazy Yiuf (D:5)
  2 hounds
  An orc wizard (D:7)
  5 worker ants
  A big kobold zombie (Ossuary)
  A hound skeleton (D:4)
  4 mummies (Ossuary)
  2 gnolls (D:6)
  6 adders
  A shadow imp (D:6)
  2 oozes
  3 worms (D:2)
  3 dart slugs
  5 leopard geckos
  13 orcs
  6 giant cockroaches
  4 hobgoblins
  9 jackals
  14 kobolds
  3 quokkas
  4 ball pythons
  10 bats
  5 frilled lizards
  A giant cockroach zombie (D:5)
  8 goblins
  2 goblin zombies (D:5)
  2 hobgoblin zombies (Ossuary)
  2 orc zombies (Ossuary)
  A quokka skeleton (D:5)
  7 rats
  A fungus (D:1)
150 creatures vanquished.

Vanquished Creatures (collateral kills)
  A worker ant (D:4)
  A mummy (Ossuary)
  An adder (D:4)
  A kobold (D:3)
  A kobold zombie (Ossuary)
  A rat (D:3)
6 creatures vanquished.

Grand Total: 156 creatures vanquished

Notes
Turn   | Place    | Note
-------+----------+-------------------------------------------
     0 | D:1      | MydosGodOfBeginnings the Deep Dwarf Necromancer began the quest for the Orb.
     0 | D:1      | Reached XP level 1. HP: 15/15 MP: 3/3
   499 | D:1      | Reached XP level 2. HP: 22/22 MP: 0/4
   755 | D:1      | Reached skill level 5 in Necromancy
  1145 | D:1      | Reached XP level 3. HP: 25/28 MP: 0/6
  1150 | D:1      | Learned a level 3 spell: Vampiric Draining
  2131 | D:2      | Reached XP level 4. HP: 34/36 MP: 0/7
  2216 | D:2      | Learned a level 1 spell: Animate Skeleton
  2915 | D:3      | Found a deep blue altar of Sif Muna.
  2974 | D:3      | Reached skill level 6 in Necromancy
  3002 | D:3      | Became a worshipper of Sif Muna the Loreminder
  3268 | D:3      | Reached XP level 5. HP: 38/42 MP: 0/9
  3382 | D:3      | Found a bloodstained altar of Trog.
  3647 | D:3      | Learned a level 4 spell: Control Undead
  3758 | D:4      | Found an opulent altar of Gozag.
  3996 | D:4      | Found Caix's Jewellery Emporium.
  4157 | D:4      | Found Jestugg's General Store.
  4538 | D:5      | Entered Level 5 of the Dungeon
  4601 | D:5      | Reached XP level 6. HP: 47/49 MP: 6/11
  4662 | D:5      | Found a sand-covered staircase.
  4670 | Ossuary  | Entered an ossuary
  4770 | Ossuary  | Reached skill level 7 in Necromancy
  4854 | Ossuary  | Reached * piety under Sif Muna
  4999 | D:5      | HP: 2/50 [phantom (4)]
  5014 | D:5      | HP: 2/50 [phantom (2)]
  5037 | D:5      | Reached skill level 1 in Fighting
  5108 | D:5      | Reached XP level 7. HP: 11/57 MP: 1/11
  5124 | D:5      | Reached skill level 1 in Evocations
  5278 | D:5      | Reached skill level 8 in Necromancy
  5731 | D:5      | Found a runed door.
  6027 | D:5      | Noticed Crazy Yiuf
  6030 | D:5      | Killed Crazy Yiuf
  6045 | D:5      | Learned a level 4 spell: Animate Dead
  6100 | D:6      | Reached ** piety under Sif Muna
  6296 | D:6      | Reached XP level 8. HP: 48/64 MP: 13/13
  6314 | D:6      | You fall through a shaft for 2 floors!
  6327 | D:8      | Reached skill level 9 in Necromancy
  6441 | D:8      | Reached skill level 1 in Staves
  6474 | D:7      | Got a pair of fine gloves
  6485 | D:7      | Identified the cursed +0 pair of gloves of Cauzuom {rElec} (You found it on level 7 of the Dungeon)
  6675 | D:7      | Found a white marble altar of Elyvilon.
  6749 | D:6      | Found a blossoming altar of Fedhas.
  7183 | D:6      | Found a staircase to the Ecumenical Temple.
  7230 | D:6      | Reached skill level 5 in Spellcasting
  7501 | D:7      | Reached skill level 10 in Necromancy
  7569 | D:7      | Found an ornate altar of the Wu Jian Council.
  7908 | D:7      | Demolished by an orc warrior

Vault maps used:
D:1:      dpeg_cavernosity
D:3:      led_sif_pool, bloody_trog, first_bread
D:4:      grunt_gozag_breadcrumbs, serial_shops, shop_fountains, shop
D:5:      enter_ossuary_4, uniq_crazy_yiuf_cottage
D:6:      minmay_temple_entry_poolview, fedhas_altar_2
D:7:      kennysheep_mini_moat, old_standard_altar
D:8:      gammafunk_temple_overflow_wave, grunt_lair_entry_orc_guard_hut,
          hangedman_little_slice_of_home
Ossuary:  ossuary_crypta

Skill      XL: |  1  2  3  4  5  6  7  8 |
---------------+-------------------------+-----
Spellcasting   | 2 3 4 5 |  5.1
Necromancy     | 5 6 7 8 10 | 10.2
Fighting       | 1 |  1.6
Dodging        | 3 4 |  4.1
Evocations     | 1 |  1.8
Staves         | 2 |  2.1
Stealth        | |  2.4
Unarmed Combat | |  0.3

Action                   |  1- 3 |  4- 6 |  7- 9 || total
-------------------------+-------+-------+-------++-------
Melee: Unarmed           |    82 |       |       ||    82
       Whip              |       |   148 |    17 ||   165
       Punch             |       |     1 |       ||     1
       Quarterstaff      |       |       |    77 ||    77
 Cast: Pain              |    87 |    55 |     9 ||   151
       Vampiric Draining |     5 |    10 |    45 ||    60
       Animate Skeleton  |       |    23 |       ||    23
       Control Undead    |       |     5 |       ||     5
 Abil: Heal Wounds       |       |     1 |       ||     1
       Evoke Berserk Rag |       |     1 |       ||     1
Evoke: Wand              |       |     4 |    12 ||    16
  Use: Scroll            |       |    16 |       ||    16
 Stab: Sleeping          |       |     4 |     2 ||     6
       Distracted        |       |       |     1 ||     1
       Paralysed         |       |       |     1 ||     1
  Eat: Chunk             |     5 |    10 |    13 ||    28
       Royal jelly       |       |     1 |       ||     1
Armor: Robe              |    12 |    58 |    42 ||   112
Dodge: Dodged            |    49 |   128 |    94 ||   271
